 Dungeon Crawl Stone Soup version 0.29.1-15-g9cfb28693d (webtiles) character file.

Game seed: 7609251767181769052

17459 raph the Severer (level 12, -9/108 HPs)
             Began as a Hill Orc Fighter on Apr 17, 2023.
             Was an Initiate of Gozag.
             Mangled by a 15-headed hydra (12 damage)
             ... on level 1 of the Lair of Beasts.
             The game lasted 00:18:38 (16049 turns).

raph the Severer (Hill Orc Fighter)                Turns: 16049, Time: 00:18:38

Health: -9/108     AC: 26    Str: 22    XL:     12   Next: 48%
Magic:  12/12      EV:  6    Int:  6    God:    Gozag
Gold:   1329       SH:  0    Dex: 14    Spells: 11/11 levels left

rFire   + + +      SeeInvis .   b - +2 whip (elec)
rCold   + + +      Faith    .   (no shield)
rNeg    . . .      Spirit   .   I - +0 crystal plate armour
rPois   +          Reflect  .   s - +1 hat of Jejocs {rElec rF++ Str+2 Int-2}
rElec   +          Harm     .   t - +1 cloak
rCorr   +          Rampage  .   (no gloves)
Will    .....                   j - +1 pair of boots
Stlth   ..........              (no amulet)
HPRegen 0.28/turn               D - ring of protection from cold
MPRegen 0.13/turn               o - ring of Lucidity {Contam rF+ rC+ rCorr Stlth+}

@: mighty, resistant, invisible
A: no striking features
a: Renounce Religion, Potion Petition, Call Merchant, Bribe Branch


You were on level 1 of the Lair of Beasts.
You worshipped Gozag.
Gozag was most pleased with you.
You visited 2 branches of the dungeon, and saw 12 of its levels.

You collected 2389 gold pieces.
You paid 1060 gold pieces to Gozag.

Inventory:

Hand Weapons
 a - a +0 vampiric war axe
 b - a +2 whip of electrocution (weapon)
 n - a +1 war axe of protection
 F - a +0 battleaxe
 J - the +8 dagger of Tender Mercy {vamp, Fly rF+ rN+ Will-}
   (You found it on level 11 of the Dungeon)

   It occasionally heals its wielder for a portion of the damage dealt when it
   wounds a living foe.
   rF:        It protects you from fire.
   rN:        It protects you from negative energy.
   Fly:       It grants you flight.
   Will:      It decreases your willpower.
Missiles
 m - 35 poisoned darts (quivered)
 q - 5 throwing nets
 v - 2 boomerangs
Armour
 c - a +0 buckler
 i - a +1 plate armour
 j - a +1 pair of boots (worn)
 s - the +1 hat of Jejocs (worn) {rElec rF++ Str+2 Int-2}
   (You found it on level 6 of the Dungeon)

   Str:       It affects your strength (+2).
   Int:       It affects your intelligence (-2).
   rF:        It greatly protects you from fire.
   rElec:     It insulates you from electricity.
 t - a +1 cloak (worn)
 E - a +0 tower shield
 I - a +0 crystal plate armour (worn)
Jewellery
 o - the ring of Lucidity (right hand) {Contam rF+ rC+ rCorr Stlth+}
   (You acquired it on level 4 of the Dungeon)

   [ring of resist corrosion]

   rF:        It protects you from fire.
   rC:        It protects you from cold.
   Contam:    It causes magical contamination when unequipped.
   rCorr:     It protects you from acid and corrosion.
   Stlth:     It makes you more stealthy.
 p - a ring of magical power
 y - a ring of fire
 D - a ring of protection from cold (left hand)
Wands
 G - a wand of flame (23)
 L - a wand of quicksilver (5)
Scrolls
 r - 2 scrolls of poison
 u - 3 scrolls of teleportation
 w - 7 scrolls of identify
 z - a scroll of blinking
 M - a scroll of magic mapping
Potions
 e - a potion of haste
 f - 3 potions of curing
 g - 2 potions of attraction
 h - 3 potions of mutation
 k - 2 potions of heal wounds
 l - 3 potions of lignification
 x - a potion of invisibility
 A - 3 potions of flight
 B - a potion of ambrosia
 C - a potion of brilliance
Miscellaneous
 H - a phial of floods


   Skills:
 + Level 10.7 Fighting
 + Level 16.1 Axes
 + Level 4.0 Throwing
 * Level 9.9 Armour
 + Level 6.9 Dodging
 - Level 3.2 Shields
 + Level 4.4 Evocations


You had 11 spell levels left.
You didn't know any spells.
Your spell library contained the following spells:

 Spells                   Type           Power      Damage    Failure   Level
 Magic Dart               Conj           0%         1d3       100%        1
 Summon Small Mammal      Summ           0%         N/A       100%        1
 Call Imp                 Summ           0%         N/A       100%        2
 Sublimation of Blood     Necr           0%         N/A       100%        2
 Wereblood                Tmut           0%         N/A       100%        2
 Call Canine Familiar     Summ           0%         N/A       100%        3
 Ignite Poison            Fire/Tmut/Pois 0%         N/A       100%        3
 Mephitic Cloud           Conj/Pois/Air  0%         N/A       100%        3
 Ozocubu's Armour         Ice            0%         N/A       100%        3
 Portal Projectile        Hex/Tloc       0%         N/A       100%        3
 Summon Guardian Golem    Hex/Summ       0%         N/A       100%        3
 Leda's Liquefaction      Hex/Erth       0%         N/A       100%        4
 Passage of Golubria      Tloc           0%         N/A       100%        4
 Petrify                  Tmut/Erth      0%         N/A       100%        4
 Summon Ice Beast         Ice/Summ       0%         N/A       100%        4
 Freezing Cloud           Conj/Ice/Air   0%         6-21      100%        5
 Irradiate                Conj/Tmut      0%         3d11      100%        5
 Lee's Rapid Deconstruct  Erth           0%         3d5*      100%        5
 Silence                  Hex/Air        0%         N/A       100%        5
 Summon Mana Viper        Hex/Summ       0%         N/A       100%        5
 Eringya's Noxious Bog    Tmut/Pois      0%         N/A       100%        6
 Iron Shot                Conj/Erth      0%         9d1       100%        6
 Monstrous Menagerie      Summ           0%         N/A       100%        7
 Ozocubu's Refrigeration  Ice            0%         4d7       100%        7
 Lehudib's Crystal Spear  Conj/Erth      0%         10d2      100%        8


Dungeon Overview and Level Annotations

Branches:
Dungeon (11/15)            Temple (0/1) D:7            Lair (1/5) D:11
    Orc: D:9-12

Altars:
Ashenzari
Cheibriados
Elyvilon
Gozag
Kikubaaqudgha
Makhleb
Ru
Uskayaw
Wu Jian
Xom
Yredelemnul

Portals:
Trove: D:10 (give +2 storm dragon scales)


Message History

The 15-headed hydra bites you but does no damage.
The 15-headed hydra bites you.
* * * LOW HITPOINT WARNING * * *
The 15-headed hydra bites you but does no damage. x11
Okay, then. [a] - 594 gold - invisibility, might and resistance [b] - 299 gold - heal wounds and magic [c] - 648 gold - resistance, might, heal wounds, curing and berserk rage Purchase which effect?
You fade into invisibility!
You feel mightier all of a sudden.
You feel protected.
The 15-headed hydra bites you but does no damage. x2
The 15-headed hydra bites you.
* * * LOW HITPOINT WARNING * * *
The 15-headed hydra bites you.
* * * LOW HITPOINT WARNING * * *
The 15-headed hydra bites you but does no damage. x4
The 15-headed hydra bites you.
* * * LOW HITPOINT WARNING * * *
The 15-headed hydra barely misses you.
The 15-headed hydra bites you but does no damage. x5
You hit the 15-headed hydra.
You feel better.
The 15-headed hydra is heavily wounded.
You hit the bush. You barely miss the 15-headed hydra.
The 15-headed hydra is heavily wounded.
You slash the bush!
You feel the dreadful sensation subside.
You hear the crackle of electricity.
b - a +2 whip of electrocution (weapon)
You strike the helpless 15-headed hydra from behind!
You whack the 15-headed hydra!
Lightning courses through the 15-headed hydra!
The 15-headed hydra is severely wounded.
The 15-headed hydra bites you but does no damage.
The 15-headed hydra bites you!
* * * LOW HITPOINT WARNING * * *
The 15-headed hydra bites you!
You die...
Your body crumbles into a pile of gold.

P# #............# ##
#....##......#
##########...######...#
.............# #...#
..##.####....## #...##
.##### ##.....# #....#
.# #.....######...## .#
##....##.##.....# .#
#.......@.....## .#
#.#####PD###..# .# #..
#### ..# .#### #.# .#
...... .# .#.... #
~.#... ≈..... ~~~...


You could see a 15-headed hydra (unable to see you).

Vanquished Creatures
  A hydra (D:11)
  A boulder beetle (D:11)
  A two-headed ogre (D:11)
  Pikel (D:8)
  An ugly thing (D:7)
  A cyclops (D:11)
  5 elephants (Lair:1)
  A gargoyle (D:11)
  2 cane toads (Lair:1)
  An unseen horror (D:11)
  A kobold demonologist (D:11)
  3 komodo dragons
  3 trolls
  2 hornets
  5 blink frogs (Lair:1)
  A shadow (D:9)
  A wraith (D:9)
  14 yaks (D:10)
  A spriggan (Lair:1)
  A water elemental (D:11)
  6 wyverns
  3 steam dragons
  5 water moccasins
  An orc warrior (D:9)
  An ice beast (D:5)
  2 black bears
  An ogre (D:6)
  3 centaurs
  2 phantoms
  A kobold brigand (D:9)
  3 lemures (D:8)
  3 necrophages
  3 bullfrogs
  2 scorpions
  2 gnoll sergeants
  3 wights (D:10)
  20 killer bees
  3 howler monkeys
  2 electric eels (D:11)
  5 hounds
  3 gnoll boudas
  3 jellies
  4 orc priests
  12 orc wizards
  32 gnolls
  5 adders
  3 white imps
  An ufetubus (D:6)
  2 worms
  A dart slug (D:4)
  34 orcs
  7 bats
  7 endoplasms
  4 giant cockroaches
  6 goblins
  7 hobgoblins
  12 jackals
  10 kobolds
  2 quokkas
  4 ball pythons
  5 frilled lizards
  3 rats
285 creatures vanquished.

Vanquished Creatures (others)
  A gargoyle (D:11)
  3 fungi (Lair:1)
  35 plants (Lair:1)
39 creatures vanquished.

Grand Total: 324 creatures vanquished

Notes
Turn   | Place    | Note
-------+----------+-------------------------------------------
     0 | D:1      | raph the Hill Orc Fighter began the quest for the Orb.
     0 | D:1      | Reached XP level 1. HP: 19/19 MP: 1/1
    55 | D:1      | Reached skill level 3 in Axes
   285 | D:1      | Reached XP level 2. HP: 21/26 MP: 2/2
   460 | D:1      | Reached skill level 4 in Axes
   623 | D:1      | Reached XP level 3. HP: 31/31 MP: 3/3
  1303 | D:2      | Found a faded altar of an unknown god.
  1399 | D:2      | Reached skill level 5 in Axes
  1661 | D:2      | Reached XP level 4. HP: 25/39 MP: 4/4
  2111 | D:2      | Found a hide-covered altar of Uskayaw.
  2965 | D:3      | Reached skill level 6 in Axes
  3511 | D:4      | Reached XP level 5. HP: 38/45 MP: 5/5
  3716 | D:4      | Reached skill level 7 in Axes
  4062 | D:4      | Reached skill level 8 in Axes
  4062 | D:4      | Reached XP level 6. HP: 37/51 MP: 6/6
  4178 | D:4      | Noticed a black bear
  4189 | D:4      | Killed a black bear
  4213 | D:4      | Reached skill level 9 in Axes
  4358 | D:4      | Found a snail-covered altar of Cheibriados.
  4360 | D:4      | Found an ancient bone altar of Kikubaaqudgha.
  4399 | D:4      | Identified a scroll of acquirement
  4399 | D:4      | Acquired the ring of Lucidity {Contam rF+ rC+ rCorr Stlth+}
  4599 | D:5      | Entered Level 5 of the Dungeon
  4701 | D:5      | Reached XP level 7. HP: 49/57 MP: 7/7
  4751 | D:5      | Reached skill level 10 in Axes
  4834 | D:5      | Reached skill level 11 in Axes
  5221 | D:5      | Found a hide-covered altar of Uskayaw.
  5232 | D:5      | Found a basalt altar of Yredelemnul.
  5234 | D:5      | Found a broken altar of Ashenzari.
  5234 | D:5      | Found a sacrificial altar of Ru.
  5236 | D:5      | Found an opulent altar of Gozag.
  5238 | D:5      | Found a white marble altar of Elyvilon.
  5347 | D:5      | Became a worshipper of Gozag Ym Sagoz the Greedy
  5437 | D:6      | Reached XP level 8. HP: 64/64 MP: 8/8
  5439 | D:6      | Reached skill level 12 in Axes
  5534 | D:6      | Reached skill level 13 in Axes
  6123 | D:6      | Found a shimmering altar of Xom.
  6449 | D:6      | Identified the +1 hat of Jejocs {rElec rF++ Str+2 Int-2}
  6503 | D:6      | Reached skill level 14 in Axes
  6802 | D:6      | Reached XP level 9. HP: 55/70 MP: 9/9
  7047 | D:7      | Found an ornate altar of the Wu Jian Council.
  7051 | D:7      | Noticed a white ugly thing
  7064 | D:7      | Killed a white ugly thing
  7065 | D:7      | Reached skill level 1 in Dodging
  7185 | D:7      | Got the Grimoire of Transmutation and Grit
  7243 | D:7      | Reached skill level 5 in Fighting
  7249 | D:7      | Reached skill level 15 in Axes
  7540 | D:7      | Reached skill level 5 in Armour
  7994 | D:7      | Noticed a troll
  8000 | D:7      | Killed a troll
  8001 | D:7      | Reached XP level 10. HP: 83/83 MP: 10/10
  8113 | D:7      | Found a staircase to the Ecumenical Temple.
  8270 | D:8      | Paralysed by a hornet for 2 turns
  8278 | D:8      | Paralysed by a hornet for 2 turns
  8928 | D:8      | Noticed Pikel
  8955 | D:8      | Killed Pikel
 10499 | D:9      | Reached skill level 16 in Axes
 10891 | D:10     | Entered Level 10 of the Dungeon
 10927 | D:10     | Reached skill level 5 in Dodging
 10927 | D:10     | Reached XP level 11. HP: 95/95 MP: 11/11
 11146 | D:10     | Found a burning altar of Makhleb.
 11820 | D:10     | Found a portal to a secret trove of treasure.
 12817 | D:11     | Reached skill level 1 in Evocations
 12955 | D:11     | Noticed a five-headed hydra
 12971 | D:11     | Killed a five-headed hydra
 12972 | D:11     | Reached skill level 1 in Throwing
 13287 | D:11     | Identified the +8 dagger of Tender Mercy {vamp, Fly rF+ rN+
                  | Will-}
 13316 | D:11     | Noticed a cyclops
 13322 | D:11     | Killed a cyclops
 13515 | D:11     | Noticed a boulder beetle
 13535 | D:11     | Killed a boulder beetle
 13605 | D:11     | Found a staircase to the Lair.
 13668 | D:11     | Noticed a two-headed ogre
 13679 | D:11     | Killed a two-headed ogre
 14032 | D:11     | Reached skill level 10 in Fighting
 14743 | Lair:1   | Entered Level 1 of the Lair of Beasts
 14756 | Lair:1   | Reached XP level 12. HP: 77/106 MP: 12/12
 16030 | Lair:1   | Noticed a six-headed hydra
 16049 | Lair:1   | HP: 3/108 [15-headed hydra (8)]
 16049 | Lair:1   | Mangled by a 15-headed hydra

Illustrated notes

Levels and vault maps discovered:
D:1:      onia_arrival_pentagram, layout_basic, minmay_split_cup_small
D:2:      layout_loops_cross, basic_altar, ebering_ecumenical_altar_sacrificial
D:3:      layout_basic
D:4:      layout_cave_pools, nicolae_overflow_squiral
D:5:      layout_rooms, minitemple
D:6:      layout_layer_cave, tgw_xom
D:7:      layout_rooms, nicolae_wu_jian_wuxing_cycle, lemuel_temple_firewalk_b
D:8:      layout_cave_pools, uniq_pikel
D:9:      layout_small_grid
D:10:     layout_loops_ring, lightli_temple_of_fire, trove_entry_hex_spiral
D:11:     layout_basic, lair_entry_dummy
Lair:1:   wad_woods_tower, layout_chaotic_city, infiniplex_staircase_pool_2

Skill      XL: |  1  2  3  4  5  6  7  8  9 10 11 12 |
---------------+-------------------------------------+-----
Axes           | 3 4 5 6 8 9 11 14 15 16 | 16.1
Fighting       | 6 8 10 | 10.7
Armour         | 5 7 9 |  9.9
Dodging        | 3 5 6 |  6.9
Evocations     | 3 4 |  4.4
Throwing       | 2 4 |  4.0
Shields        | |  3.2

Action                   |  1- 3 |  4- 6 |  7- 9 | 10-12 || total
-------------------------+-------+-------+-------+-------++-------
Melee: War axe           |    85 |   145 |   267 |   489 ||   986
       Whip              |       |       |       |    14 ||    14
       Battleaxe         |       |       |       |   123 ||   123
Throw: Dart              |       |     2 |       |       ||     2
Invok: Potion Petition   |       |       |       |     2 ||     2
  Use: Scroll            |     6 |     8 |     9 |     7 ||    30
       Potion            |       |       |     1 |     4 ||     5
 Stab: Distracted        |       |       |     1 |     3 ||     4
       Invisible         |       |       |       |     1 ||     1
Armor: Scale mail        |    37 |     9 |       |       ||    46
       Plate armour      |       |   117 |   202 |   193 ||   512
       Crystal plate arm |       |       |       |   392 ||   392
Dodge: Dodged            |    39 |    51 |    75 |   200 ||   365
Block: Buckler           |    17 |    24 |    58 |   103 ||   202
